 Dungeon Crawl Stone Soup version 0.23.1 (webtiles) character file.

Game seed: 4562230336207981071

301 poirepourri the Cudgeler (level 6, -3/40 HPs)
             Began as a Gargoyle Fighter on Mar 4, 2019.
             Killed by divine providence
             ... invoked by an orc priest
              (14 damage)
             ... on level 4 of the Dungeon.
             The game lasted 00:02:49 (3219 turns).

poirepourri the Cudgeler (Gargoyle Fighter)         Turns: 3219, Time: 00:02:50

Health: -3/40      AC: 14    Str: 19    XL:     6   Next: 37%
Magic:  6/6        EV:  7    Int:  9    God:
Gold:   153        SH: 12    Dex: 11    Spells: 5/5 levels left

rFire    . . .     SeeInvis .   a - +0 flail
rCold    . . .     Gourm    .   c - +1 shield
rNeg     + . .     Faith    .   b - +0 scale mail
rPois    ∞         Spirit   .   (no helmet)
rElec    +         Reflect  +   h - +0 cloak
rCorr    .         Harm     .   p - +0 pair of gloves
MR       .....                  d - +0 pair of boots
Stlth    ..........             l - +2 amulet of reflection (curse)
HPRegen  0.13/turn              (no ring)
MPRegen  0.10/turn              (no ring)

@: no status effects
A: negative energy resistance 1, electricity resistance, unbreathing,
petrification resistance, rot immunity, AC +4
a: no special abilities


You were on level 4 of the Dungeon.
You were not hungry.

You visited 1 branch of the dungeon, and saw 4 of its levels.

You collected 153 gold pieces.

Inventory:

Hand Weapons
 a - a +0 flail (weapon)
Armour
 b - a +0 scale mail (worn)
 c - a +1 shield (worn)
 d - a +0 pair of boots (worn)
 h - a +0 cloak (worn)
 p - a +0 pair of gloves (worn)
Jewellery
 l - a cursed +2 amulet of reflection (around neck)
Scrolls
 g - 2 scrolls of fog
Potions
 e - a potion of mutation {unknown}
 i - a potion of degeneration {unknown}
 j - a potion of magic
 k - a potion of agility {unknown}
 o - a potion of curing {unknown}
Comestibles
 f - 8 rations


   Skills:
 - Level 5.0 Fighting
 + Level 5.5 Maces & Flails
 - Level 3.2 Armour
 - Level 3.2 Shields


You had 5 spell levels left.
You didn't know any spells.
Your spell library was empty.

Dungeon Overview and Level Annotations

Branches:
Dungeon (4/15)
 Temple: D:4-7

Altars:
Ashenzari
Uskayaw


Innate Abilities, Weirdness & Mutations

You are resistant to torment.
Your stone body is resilient. (AC +4)
You are immune to poison.
You resist negative energy. (rN+)
You are resistant to electric shocks. (rElec)
You can survive without breathing.
You are immune to petrification.
You are immune to rotting.


Message History

You kill the orc!
A hound comes into view.
An orc priest comes into view. It is wielding a +0 flail.
The orc priest invokes the aid of Beogh against you.
Beogh smites you!
You hear a shout!
Items here: ( )) † a +0 hunting sling; a +1 dagger of freezing; 19 stones; a goblin corpse You hit the orc.
You kill the orc!
The orc priest mumbles some strange prayers to Beogh against you.
Beogh smites you!
* * * LOW HITPOINT WARNING * * *
An orc priest comes into view. It is wielding a +0 club.
You block the orc's attack. The hound bites you.
* * * LOW HITPOINT WARNING * * *
The orc priest calls down the wrath of Beogh upon you.
Beogh smites you!
You die...

... ... ... #.#
.... #.## .....
#..## . ....#
##...### ...
#..####......#..#
##...o...÷.....#
#(.)).h@..<(#
#o.().....).#
#o#....##........
#o
##..###.........
#..# #./......#
##.# ########.#
#.# .# #.# .


You could see a hound, 2 orc priests and an orc.

Vanquished Creatures
  An ice beast (D:3)
  A bullfrog (D:2)
  Crazy Yiuf (D:3)
  A hound skeleton (D:2)
  Robin (D:3)
  2 adders
  An ooze (D:1)
  3 worms (D:2)
  3 leopard geckos
  5 orcs
  6 bats
  A giant cockroach (D:3)
  11 goblins
  4 hobgoblins
  5 kobolds
  2 quokkas
  2 ball pythons (D:2)
  3 frilled lizards (D:1)
  13 rats
  A fungus (D:3)
67 creatures vanquished.

Vanquished Creatures (others)
  A goblin (D:4)
1 creature vanquished.

Grand Total: 68 creatures vanquished

Notes
Turn   | Place    | Note
-------+----------+-------------------------------------------
     0 | D:1      | poirepourri the Gargoyle Fighter began the quest for the
                  | Orb.
     0 | D:1      | Reached XP level 1. HP: 14/14 MP: 1/1
   241 | D:1      | Reached XP level 2. HP: 19/19 MP: 2/2
   770 | D:2      | Reached XP level 3. HP: 23/23 MP: 3/3
   914 | D:2      | Noticed a bullfrog
   931 | D:2      | Killed a bullfrog
   931 | D:2      | Reached XP level 4. HP: 18/30 MP: 4/4
   957 | D:2      | Reached XP level 5. HP: 23/34 MP: 5/5
  1465 | D:3      | Noticed an ice beast
  1482 | D:3      | Found a hide-covered altar of Uskayaw.
  1926 | D:3      | Reached skill level 5 in Fighting
  1956 | D:3      | Found a shattered altar of Ashenzari.
  2096 | D:3      | Killed an ice beast
  2096 | D:3      | Reached skill level 5 in Maces & Flails
  2096 | D:3      | Reached XP level 6. HP: 27/40 MP: 6/6
  2645 | D:3      | Found a runed translucent door.
  2646 | D:3      | Noticed Crazy Yiuf
  2657 | D:3      | Paralysed by Crazy Yiuf for 4 turns
  2664 | D:3      | Killed Crazy Yiuf
  2713 | D:4      | Noticed Robin
  2974 | D:3      | Killed Robin
  3219 | D:4      | Killed from afar by an orc priest

Skill      XL: |  1  2  3  4  5 |
---------------+----------------+-----
Maces & Flails | 3 4 5 |  5.5
Fighting       | 4 5 |  5.0
Armour         | |  3.2
Shields        | |  3.2

Action                   |  1- 3 |  4- 6 || total
-------------------------+-------+-------++-------
Melee: Flail             |   104 |   159 ||   263
  Use: Scroll            |     3 |     6 ||     9
       Potion            |     2 |     1 ||     3
  Eat: Ration            |       |     2 ||     2
       Chunk             |       |     1 ||     1
Armor: Scale mail        |    50 |    99 ||   149
Dodge: Dodged            |    36 |    53 ||    89
Block: Shield            |    62 |   101 ||   163
       Reflection        |       |     4 ||     4
